[ AOE2 MATCH · #478383060 ]
UnrankedBohemians vs Japanese
Player's team · LOSS
[ REPLAY ANALYSIS · EXTRACTED FROM THE RECORDED GAME ]
Feudal
8:54
Castle
—
Imperial
—
| APM avg | 59.8 |
| APM peak | 81 |
| eAPM avg | 21.8 |
| Villagers / military | 37 / 10 |
Focus
⚔️ 22.1% · 🌾 77.9%
Scout Cavalry ×8 · Spearman ×2
Feudal
9:34
Castle
—
Imperial
—
| APM avg | 53.8 |
| APM peak | 74 |
| eAPM avg | 22.5 |
| Villagers / military | 33 / 10 |
Focus
⚔️ 53.1% · 🌾 46.9%
Archer ×10
Feudal
9:51
Castle
—
Imperial
—
| APM avg | 62.4 |
| APM peak | 100 |
| eAPM avg | 18.7 |
| Villagers / military | 44 / 22 |
Focus
⚔️ 27.7% · 🌾 72.3%
Archer ×22
Feudal
10:02
Castle
—
Imperial
—
| APM avg | 43.7 |
| APM peak | 73 |
| eAPM avg | 12.9 |
| Villagers / military | 35 / 11 |
Focus
⚔️ 15.8% · 🌾 84.2%
Scout Cavalry ×8 · Spearman ×3
Feudal
9:16
Castle
—
Imperial
—
| APM avg | 24.9 |
| APM peak | 58 |
| eAPM avg | 13.6 |
| Villagers / military | 38 / 13 |
Focus
⚔️ 18.3% · 🌾 81.7%
Archer ×13
Feudal
9:02
Castle
—
Imperial
—
| APM avg | 63.1 |
| APM peak | 99 |
| eAPM avg | 25.7 |
| Villagers / military | 37 / 28 |
Focus
⚔️ 53.6% · 🌾 46.4%
Archer ×28
Feudal
9:00
Castle
—
Imperial
—
| APM avg | 55.6 |
| APM peak | 87 |
| eAPM avg | 17.4 |
| Villagers / military | 42 / 9 |
Focus
⚔️ 17.2% · 🌾 82.8%
Scout Cavalry ×9
Feudal
8:54
Castle
—
Imperial
—
| APM avg | 35.1 |
| APM peak | 66 |
| eAPM avg | 12.1 |
| Villagers / military | 39 / 11 |
Focus
⚔️ 31.0% · 🌾 69.0%
Scout Cavalry ×11
Match map
Initial resources + every placement click. Lines = walls · curves = elevation contours. ◆ gold · ⬟ stone · ● berries · ✦ relic · ◌ wall gap
Your base· Open — unwalled flank
NPG | SICOSIS's base· Open — unwalled flank
lilzombieross's base· Open — unwalled flank
NPG | Kraxher's base· Open — unwalled flank
Daniel Lothbrok's base· Open — unwalled flank
Que Me Importa Mi Equipo's base· Open — unwalled flank
SAVIOR's base· Open — unwalled flank
将军的恩情还不完's base· Open — unwalled flank
Smoothed initial terrain · ◌ = detected wall gap · hover for details
Inputs per minute
— HR Since6699 - - NPG | SICOSIS
Build order — HR Since6699
86 actions detected in the replay
| 0:03 | Build | House |
| 0:04 | Build | House |
| 0:04 | Create | Villager (Male) |
| 0:04 | Create | Villager (Male) |
| 0:04 | Create | Villager (Male) |
| 0:05 | Create | Villager (Male) |
| 0:06 | Build | House |
| 1:29 | Create | Villager (Male) |
| 1:29 | Create | Villager (Male) |
| 2:03 | Create | Villager (Male) |
| 2:03 | Create | Villager (Male) |
| 2:19 | Build | Lumber Camp |
| 2:24 | Create | Villager (Male) |
| 2:47 | Create | Villager (Male) |
| 2:47 | Create | Villager (Male) |
| 3:16 | Create | Villager (Male) |
| 3:31 | Build | House |
| 3:47 | Create | Villager (Male) |
| 3:48 | Create | Villager (Male) |
| 3:48 | Create | Villager (Male) |
| 4:24 | Create | Villager (Male) |
| 4:24 | Create | Villager (Male) |
| 4:25 | Create | Villager (Male) |
| 4:43 | Build | Mill |
| 4:50 | Create | Villager (Male) |
| 5:35 | Create | Villager (Male) |
| 5:55 | Research | Loom |
| 6:41 | Research | Feudal Age |
| 6:42 | Research | Feudal Age |
| 7:20 | Build | House |
| 7:35 | Create | Villager (Male) |
| 8:38 | Build | Barracks |
| 8:51 | Create | Villager (Male) |
| 8:54 | Build | House |
| 8:54 | Age | Feudal Age |
| 9:18 | Build | Stable |
| 9:22 | Create | Villager (Male) |
| 9:41 | Create | Villager (Male) |
| 9:52 | Build | Farm |
| 10:00 | Create | Spearman |
| 10:05 | Create | Scout Cavalry |
| 10:10 | Create | Villager (Male) |
| 10:19 | Build | Farm |
| 10:23 | Create | Scout Cavalry |
| 10:32 | Create | Villager (Male) |
| 10:35 | Build | Farm |
| 10:55 | Create | Scout Cavalry |
| 10:58 | Build | Farm |
| 10:58 | Build | Farm |
| 10:58 | Build | Farm |
| 11:03 | Create | Villager (Male) |
| 11:09 | Create | Spearman |
| 11:14 | Create | Scout Cavalry |
| 11:20 | Build | Farm |
| 11:28 | Build | House |
| 11:37 | Create | Scout Cavalry |
| 11:49 | Build | Farm |
| 12:01 | Create | Scout Cavalry |
| 12:16 | Create | Villager (Male) |
| 12:18 | Build | Farm |
| 12:19 | Build | Farm |
| 12:19 | Build | Farm |
| 12:23 | Research | Horse Collar |
| 12:23 | Research | Horse Collar |
| 12:55 | Create | Villager (Male) |
| 13:01 | Build | Farm |
| 13:40 | Create | Scout Cavalry |
| 13:40 | Create | Villager (Male) |
| 13:44 | Build | Farm |
| 13:54 | Build | Blacksmith |
| 13:58 | Build | Farm |
| 14:13 | Create | Scout Cavalry |
| 14:26 | Create | Villager (Male) |
| 14:31 | Build | House |
| 14:38 | Research | Double-Bit Axe |
| 14:38 | Research | Double-Bit Axe |
| 14:48 | Create | Villager (Male) |
| 15:07 | Create | Villager (Male) |
| 15:09 | Build | Mining Camp |
| 15:29 | Create | Villager (Male) |
| 15:34 | Create | Villager (Male) |
| 15:39 | Build | Lumber Camp |
| 15:54 | Create | Villager (Male) |
| 16:05 | Create | Villager (Male) |
| 16:10 | Build | Farm |
| 16:19 | Research | Forging |
Build order — NPG | SICOSIS
74 actions detected in the replay
| 0:03 | Research | Loom |
| 1:00 | Create | Villager (Male) |
| 1:00 | Create | Villager (Male) |
| 1:33 | Create | Villager (Male) |
| 1:34 | Create | Villager (Male) |
| 1:34 | Create | Villager (Male) |
| 1:45 | Build | Lumber Camp |
| 2:09 | Create | Villager (Male) |
| 2:10 | Create | Villager (Male) |
| 2:43 | Create | Villager (Male) |
| 2:43 | Create | Villager (Male) |
| 3:10 | Create | Villager (Male) |
| 3:11 | Create | Villager (Male) |
| 3:24 | Create | Villager (Male) |
| 3:25 | Create | Villager (Male) |
| 3:45 | Build | House |
| 3:52 | Create | Villager (Male) |
| 3:52 | Create | Villager (Male) |
| 3:52 | Create | Villager (Male) |
| 4:16 | Create | Villager (Male) |
| 4:17 | Create | Villager (Male) |
| 4:42 | Create | Villager (Male) |
| 4:43 | Create | Villager (Male) |
| 5:10 | Create | Villager (Male) |
| 5:10 | Create | Villager (Male) |
| 6:43 | Create | Villager (Male) |
| 6:52 | Build | Mining Camp |
| 7:24 | Research | Feudal Age |
| 7:25 | Research | Feudal Age |
| 7:58 | Create | Villager (Male) |
| 7:58 | Create | Villager (Male) |
| 8:29 | Build | House |
| 8:32 | Build | Barracks |
| 8:34 | Create | Villager (Male) |
| 9:01 | Build | Palisade Wall |
| 9:34 | Age | Feudal Age |
| 9:36 | Create | Villager (Male) |
| 9:41 | Build | Archery Range |
| 9:48 | Build | Archery Range |
| 10:28 | Create | Villager (Male) |
| 10:45 | Build | Blacksmith |
| 10:50 | Build | Blacksmith |
| 11:00 | Create | Villager (Male) |
| 11:10 | Create | Archer |
| 11:12 | Create | Archer |
| 11:19 | Build | House |
| 11:28 | Build | House |
| 11:30 | Build | House |
| 11:43 | Create | Archer |
| 11:44 | Create | Archer |
| 12:11 | Build | Mill |
| 12:13 | Create | Villager (Male) |
| 12:21 | Build | Palisade Wall |
| 12:29 | Build | House |
| 12:37 | Create | Villager (Male) |
| 12:43 | Create | Archer |
| 13:05 | Build | Farm |
| 13:07 | Build | Farm |
| 13:08 | Build | Farm |
| 13:11 | Build | Farm |
| 13:34 | Create | Archer |
| 13:34 | Create | Archer |
| 13:51 | Build | Farm |
| 14:01 | Research | Fletching |
| 14:21 | Build | Lumber Camp |
| 14:25 | Create | Archer |
| 14:25 | Create | Archer |
| 14:26 | Create | Archer |
| 14:39 | Build | House |
| 14:46 | Build | House |
| 14:53 | Build | House |
| 14:56 | Build | House |
| 16:01 | Create | Villager (Male) |
| 16:01 | Create | Villager (Male) |
Build order — lilzombieross
99 actions detected in the replay
| 0:01 | Build | House |
| 0:02 | Create | Villager (Male) |
| 0:02 | Create | Villager (Male) |
| 0:02 | Create | Villager (Male) |
| 0:04 | Create | Villager (Male) |
| 0:05 | Build | House |
| 1:30 | Create | Villager (Male) |
| 1:55 | Create | Villager (Male) |
| 1:55 | Create | Villager (Male) |
| 2:17 | Create | Villager (Male) |
| 2:38 | Build | Lumber Camp |
| 2:53 | Create | Villager (Male) |
| 2:53 | Create | Villager (Male) |
| 3:01 | Build | House |
| 3:33 | Create | Villager (Male) |
| 3:33 | Create | Villager (Male) |
| 3:52 | Create | Villager (Male) |
| 3:52 | Create | Villager (Male) |
| 4:06 | Create | Villager (Male) |
| 4:23 | Build | Mill |
| 5:00 | Build | House |
| 5:09 | Create | Villager (Male) |
| 5:33 | Create | Villager (Male) |
| 5:57 | Create | Villager (Male) |
| 6:23 | Create | Villager (Male) |
| 6:32 | Create | Villager (Male) |
| 6:35 | Create | Villager (Male) |
| 6:55 | Research | Loom |
| 7:23 | Build | Lumber Camp |
| 7:41 | Research | Feudal Age |
| 7:41 | Research | Feudal Age |
| 7:47 | Build | Barracks |
| 7:59 | Create | Villager (Male) |
| 8:52 | Build | House |
| 8:53 | Build | House |
| 9:51 | Age | Feudal Age |
| 9:59 | Build | Archery Range |
| 10:01 | Build | Archery Range |
| 10:25 | Build | Mining Camp |
| 10:29 | Create | Villager (Male) |
| 10:29 | Create | Villager (Male) |
| 10:53 | Create | Archer |
| 10:53 | Create | Archer |
| 10:56 | Create | Villager (Male) |
| 10:56 | Create | Villager (Male) |
| 10:56 | Create | Villager (Male) |
| 10:59 | Create | Villager (Male) |
| 11:13 | Create | Villager (Male) |
| 11:25 | Create | Archer |
| 11:25 | Create | Archer |
| 11:49 | Create | Archer |
| 11:50 | Create | Archer |
| 11:55 | Build | Blacksmith |
| 12:01 | Create | Villager (Male) |
| 12:01 | Create | Villager (Male) |
| 12:06 | Create | Villager (Male) |
| 12:15 | Create | Villager (Male) |
| 12:16 | Create | Archer |
| 12:16 | Create | Archer |
| 12:22 | Create | Archer |
| 12:22 | Create | Archer |
| 12:22 | Create | Archer |
| 12:28 | Build | House |
| 12:29 | Build | House |
| 12:33 | Create | Villager (Male) |
| 12:35 | Create | Villager (Male) |
| 12:36 | Create | Villager (Male) |
| 12:36 | Create | Villager (Male) |
| 12:44 | Research | Fletching |
| 13:11 | Create | Villager (Male) |
| 13:12 | Create | Villager (Male) |
| 13:29 | Create | Archer |
| 13:29 | Create | Archer |
| 13:45 | Create | Archer |
| 13:45 | Create | Archer |
| 13:49 | Build | House |
| 13:54 | Build | Farm |
| 13:54 | Build | Farm |
| 13:56 | Build | Farm |
| 13:57 | Build | Farm |
| 13:58 | Build | Farm |
| 14:09 | Create | Archer |
| 14:09 | Create | Archer |
| 14:09 | Create | Archer |
| 14:11 | Create | Villager (Male) |
| 14:11 | Create | Villager (Male) |
| 14:19 | Build | Farm |
| 14:36 | Create | Archer |
| 14:36 | Create | Archer |
| 14:51 | Create | Villager (Male) |
| 14:54 | Build | Farm |
| 14:56 | Build | Farm |
| 14:58 | Build | Farm |
| 15:39 | Create | Archer |
| 15:39 | Create | Archer |
| 15:41 | Build | Farm |
| 15:42 | Build | Mill |
| 16:06 | Create | Villager (Male) |
| 16:07 | Create | Villager (Male) |
Build order — NPG | Kraxher
73 actions detected in the replay
| 0:13 | Create | Villager (Male) |
| 0:13 | Create | Villager (Male) |
| 0:14 | Create | Villager (Male) |
| 0:14 | Create | Villager (Male) |
| 0:14 | Create | Villager (Male) |
| 1:32 | Research | Loom |
| 1:33 | Create | Villager (Male) |
| 1:33 | Create | Villager (Male) |
| 2:10 | Create | Villager (Male) |
| 2:10 | Create | Villager (Male) |
| 2:27 | Create | Villager (Male) |
| 2:36 | Build | Lumber Camp |
| 2:59 | Create | Villager (Male) |
| 3:00 | Create | Villager (Male) |
| 3:49 | Create | Villager (Male) |
| 3:49 | Create | Villager (Male) |
| 3:49 | Create | Villager (Male) |
| 3:50 | Create | Villager (Male) |
| 4:57 | Create | Villager (Male) |
| 4:59 | Create | Villager (Male) |
| 5:25 | Build | Mill |
| 5:48 | Create | Villager (Male) |
| 6:24 | Create | Villager (Male) |
| 6:34 | Create | Villager (Male) |
| 7:15 | Create | Villager (Male) |
| 7:52 | Research | Feudal Age |
| 8:18 | Build | Barracks |
| 9:22 | Create | Villager (Male) |
| 10:02 | Age | Feudal Age |
| 10:04 | Build | Stable |
| 10:06 | Create | Villager (Male) |
| 10:06 | Create | Villager (Male) |
| 10:09 | Research | Double-Bit Axe |
| 10:37 | Build | Farm |
| 10:38 | Build | Farm |
| 10:38 | Build | Farm |
| 10:38 | Build | Farm |
| 10:38 | Build | Farm |
| 10:41 | Create | Villager (Male) |
| 10:42 | Create | Villager (Male) |
| 10:44 | Create | Scout Cavalry |
| 10:45 | Create | Scout Cavalry |
| 10:45 | Create | Scout Cavalry |
| 11:17 | Create | Villager (Male) |
| 11:21 | Build | Blacksmith |
| 11:27 | Create | Scout Cavalry |
| 12:02 | Create | Villager (Male) |
| 12:12 | Create | Spearman |
| 12:28 | Create | Scout Cavalry |
| 12:32 | Create | Spearman |
| 13:11 | Research | Forging |
| 13:17 | Build | Farm |
| 13:17 | Build | Farm |
| 13:18 | Build | Farm |
| 13:18 | Build | Farm |
| 13:18 | Build | Farm |
| 13:19 | Build | Farm |
| 13:58 | Create | Spearman |
| 14:24 | Create | Scout Cavalry |
| 14:35 | Create | Villager (Male) |
| 14:47 | Build | Farm |
| 14:59 | Create | Scout Cavalry |
| 14:59 | Create | Scout Cavalry |
| 15:11 | Create | Villager (Male) |
| 15:11 | Create | Villager (Male) |
| 16:00 | Create | Villager (Male) |
| 16:06 | Build | Stable |
| 16:07 | Create | Villager (Male) |
| 16:26 | Build | Mining Camp |
| 16:31 | Build | Farm |
| 16:32 | Build | Farm |
| 16:32 | Build | Farm |
| 16:37 | Create | Villager (Male) |
Build order — Daniel Lothbrok
75 actions detected in the replay
| 0:01 | Create | Villager (Male) |
| 0:01 | Create | Villager (Male) |
| 0:01 | Create | Villager (Male) |
| 0:02 | Create | Villager (Male) |
| 0:03 | Build | House |
| 0:05 | Build | House |
| 1:29 | Create | Villager (Male) |
| 1:52 | Create | Villager (Male) |
| 1:52 | Create | Villager (Male) |
| 2:14 | Create | Villager (Male) |
| 2:15 | Create | Villager (Male) |
| 2:31 | Create | Villager (Male) |
| 2:31 | Create | Villager (Male) |
| 2:44 | Create | Villager (Male) |
| 2:44 | Create | Villager (Male) |
| 3:05 | Create | Villager (Male) |
| 3:05 | Create | Villager (Male) |
| 3:48 | Create | Villager (Male) |
| 3:48 | Create | Villager (Male) |
| 3:50 | Create | Villager (Male) |
| 3:50 | Create | Villager (Male) |
| 3:53 | Build | House |
| 4:35 | Create | Villager (Male) |
| 4:35 | Create | Villager (Male) |
| 4:39 | Create | Villager (Male) |
| 4:39 | Create | Villager (Male) |
| 5:01 | Research | Loom |
| 6:10 | Build | Lumber Camp |
| 6:17 | Build | Mill |
| 6:55 | Research | Feudal Age |
| 7:10 | Create | Villager (Male) |
| 7:17 | Build | House |
| 7:52 | Build | Barracks |
| 8:39 | Build | Mining Camp |
| 9:16 | Age | Feudal Age |
| 9:19 | Build | Archery Range |
| 9:29 | Research | Double-Bit Axe |
| 9:29 | Research | Double-Bit Axe |
| 9:31 | Create | Villager (Male) |
| 9:51 | Create | Villager (Male) |
| 9:56 | Build | House |
| 10:01 | Create | Archer |
| 10:04 | Create | Archer |
| 10:06 | Create | Villager (Male) |
| 10:42 | Build | Archery Range |
| 10:47 | Create | Villager (Male) |
| 11:01 | Create | Villager (Male) |
| 11:25 | Create | Villager (Male) |
| 11:39 | Create | Archer |
| 11:40 | Create | Archer |
| 11:59 | Create | Villager (Male) |
| 12:07 | Create | Villager (Male) |
| 12:22 | Create | Villager (Male) |
| 12:37 | Build | Archery Range |
| 12:42 | Create | Archer |
| 12:47 | Create | Villager (Male) |
| 12:50 | Create | Villager (Male) |
| 12:54 | Build | House |
| 13:02 | Create | Villager (Male) |
| 13:07 | Build | House |
| 13:20 | Create | Archer |
| 13:21 | Create | Archer |
| 13:21 | Create | Archer |
| 13:38 | Create | Archer |
| 13:38 | Create | Archer |
| 13:38 | Create | Archer |
| 13:44 | Build | Blacksmith |
| 13:45 | Create | Villager (Male) |
| 14:01 | Create | Villager (Male) |
| 14:03 | Create | Archer |
| 14:03 | Create | Archer |
| 14:27 | Build | Farm |
| 14:32 | Research | Fletching |
| 14:32 | Research | Fletching |
| 14:50 | Build | Farm |
Build order — Que Me Importa Mi Equipo
93 actions detected in the replay
| 0:02 | Create | Villager (Male) ×4 |
| 0:03 | Build | House |
| 0:09 | Build | House |
| 1:05 | Build | House |
| 1:52 | Create | Villager (Male) |
| 1:52 | Create | Villager (Male) |
| 2:07 | Create | Villager (Male) |
| 2:07 | Create | Villager (Male) |
| 2:34 | Create | Villager (Male) |
| 2:34 | Create | Villager (Male) |
| 2:41 | Create | Villager (Male) |
| 2:41 | Create | Villager (Male) |
| 3:20 | Build | Lumber Camp |
| 3:21 | Create | Villager (Male) |
| 3:33 | Create | Villager (Male) |
| 3:54 | Create | Villager (Male) |
| 4:01 | Build | House |
| 4:22 | Create | Villager (Male) |
| 4:22 | Create | Villager (Male) |
| 4:23 | Create | Villager (Male) |
| 5:14 | Create | Villager (Male) |
| 5:19 | Create | Villager (Male) |
| 5:28 | Build | Mining Camp |
| 5:32 | Create | Villager (Male) |
| 6:21 | Research | Loom |
| 6:49 | Research | Feudal Age |
| 6:49 | Research | Feudal Age |
| 7:55 | Build | Barracks |
| 8:18 | Build | House |
| 8:48 | Create | Villager (Male) |
| 9:02 | Age | Feudal Age |
| 9:07 | Create | Villager (Male) |
| 9:10 | Build | Archery Range |
| 9:18 | Create | Villager (Male) |
| 9:23 | Build | Archery Range |
| 9:32 | Build | House |
| 9:33 | Build | Palisade Wall |
| 9:46 | Build | Palisade Wall |
| 9:48 | Build | Palisade Wall |
| 9:53 | Create | Villager (Male) |
| 10:13 | Research | Double-Bit Axe |
| 10:14 | Research | Double-Bit Axe |
| 10:17 | Create | Archer ×5 |
| 10:27 | Build | Palisade Gate |
| 10:29 | Build | Palisade Wall |
| 10:34 | Create | Villager (Male) |
| 10:35 | Create | Villager (Male) |
| 10:35 | Create | Villager (Male) |
| 10:36 | Create | Villager (Male) |
| 10:58 | Create | Villager (Male) |
| 10:58 | Create | Archer |
| 10:59 | Create | Archer |
| 11:25 | Create | Archer |
| 11:26 | Create | Archer |
| 11:31 | Create | Archer |
| 11:31 | Create | Archer |
| 11:35 | Build | House |
| 11:35 | Build | House |
| 11:39 | Build | Blacksmith |
| 12:03 | Create | Villager (Male) |
| 12:10 | Build | House |
| 12:11 | Build | House |
| 12:19 | Create | Archer |
| 12:19 | Create | Archer |
| 12:19 | Create | Archer |
| 12:37 | Research | Fletching |
| 12:37 | Research | Fletching |
| 12:44 | Build | Mill |
| 12:52 | Create | Archer |
| 12:52 | Create | Archer |
| 13:14 | Create | Archer |
| 13:15 | Create | Archer |
| 13:26 | Create | Archer |
| 13:46 | Create | Archer ×2 |
| 13:49 | Create | Villager (Male) |
| 13:49 | Create | Villager (Male) |
| 13:49 | Create | Villager (Male) |
| 14:03 | Create | Archer |
| 14:03 | Create | Archer |
| 14:08 | Build | House |
| 14:18 | Build | Lumber Camp |
| 14:19 | Create | Villager (Male) |
| 14:23 | Create | Archer |
| 14:24 | Create | Archer |
| 14:39 | Build | Palisade Wall |
| 14:45 | Create | Archer |
| 14:59 | Create | Archer ×2 |
| 15:00 | Create | Villager (Male) |
| 15:32 | Build | Farm |
| 15:32 | Build | Farm |
| 15:47 | Build | House |
| 15:48 | Build | House |
| 16:22 | Create | Villager (Male) |
Build order — SAVIOR
91 actions detected in the replay
| 0:06 | Create | Villager (Male) |
| 0:06 | Create | Villager (Male) |
| 0:06 | Create | Villager (Male) |
| 0:06 | Create | Villager (Male) |
| 0:06 | Create | Villager (Male) |
| 0:07 | Build | House |
| 0:09 | Build | House |
| 1:24 | Create | Villager (Male) |
| 1:25 | Create | Villager (Male) |
| 2:07 | Create | Villager (Male) |
| 2:07 | Create | Villager (Male) |
| 2:22 | Create | Villager (Male) |
| 2:23 | Create | Villager (Male) |
| 2:46 | Create | Villager (Male) |
| 2:46 | Create | Villager (Male) |
| 2:59 | Build | Lumber Camp |
| 3:12 | Create | Villager (Male) |
| 3:12 | Create | Villager (Male) |
| 3:46 | Create | Villager (Male) |
| 3:47 | Create | Villager (Male) |
| 3:51 | Build | House |
| 3:55 | Create | Villager (Male) |
| 4:19 | Create | Villager (Male) |
| 4:40 | Create | Villager (Male) |
| 4:41 | Create | Villager (Male) |
| 4:54 | Create | Villager (Male) |
| 4:54 | Create | Villager (Male) |
| 5:31 | Build | House |
| 5:37 | Build | Mill |
| 5:48 | Create | Villager (Male) |
| 6:15 | Research | Loom |
| 6:16 | Research | Loom |
| 6:50 | Research | Feudal Age |
| 6:50 | Research | Feudal Age |
| 7:28 | Build | Barracks |
| 8:28 | Build | House |
| 8:35 | Create | Villager (Male) |
| 9:00 | Age | Feudal Age |
| 9:05 | Build | Stable |
| 9:11 | Create | Villager (Male) |
| 9:18 | Build | Farm |
| 9:32 | Create | Villager (Male) |
| 9:45 | Build | Farm |
| 9:47 | Create | Villager (Male) |
| 9:52 | Build | House |
| 9:56 | Create | Scout Cavalry |
| 9:56 | Create | Scout Cavalry |
| 10:26 | Build | Palisade Wall |
| 10:31 | Create | Villager (Male) |
| 10:40 | Build | Farm |
| 10:44 | Create | Villager (Male) |
| 10:49 | Create | Scout Cavalry |
| 10:59 | Create | Scout Cavalry |
| 10:59 | Create | Scout Cavalry |
| 11:15 | Build | Blacksmith |
| 11:16 | Create | Villager (Male) |
| 11:25 | Create | Scout Cavalry |
| 11:33 | Create | Scout Cavalry |
| 11:52 | Create | Villager (Male) |
| 11:56 | Build | Farm |
| 12:06 | Build | Farm |
| 12:09 | Create | Villager (Male) |
| 12:12 | Build | House |
| 12:30 | Build | Farm |
| 12:31 | Build | Farm |
| 12:47 | Create | Villager (Male) |
| 12:49 | Build | Farm |
| 12:55 | Build | Farm |
| 12:58 | Create | Scout Cavalry |
| 12:59 | Create | Villager (Male) |
| 13:13 | Build | Farm |
| 13:33 | Create | Villager (Male) |
| 13:42 | Create | Scout Cavalry |
| 13:54 | Build | Farm |
| 13:56 | Build | Farm |
| 13:57 | Create | Villager (Male) |
| 14:22 | Research | Scale Barding Armor |
| 14:23 | Research | Scale Barding Armor |
| 14:26 | Build | Farm |
| 14:26 | Build | Farm |
| 14:29 | Build | Farm |
| 14:31 | Build | House |
| 14:33 | Create | Villager (Male) |
| 14:52 | Create | Villager (Male) |
| 15:22 | Create | Villager (Male) |
| 15:25 | Build | House |
| 15:27 | Build | Farm |
| 15:28 | Build | Farm |
| 15:30 | Build | Farm |
| 15:32 | Create | Villager (Male) |
| 15:44 | Create | Villager (Male) |
Build order — 将军的恩情还不完
82 actions detected in the replay
| 0:01 | Create | Villager (Male) |
| 0:01 | Create | Villager (Male) |
| 0:02 | Build | House |
| 0:04 | Build | House |
| 0:45 | Create | Villager (Male) |
| 0:45 | Create | Villager (Male) |
| 0:46 | Create | Villager (Male) |
| 0:46 | Create | Villager (Male) |
| 1:34 | Create | Villager (Male) |
| 1:35 | Create | Villager (Male) |
| 1:57 | Build | Lumber Camp |
| 1:58 | Create | Villager (Male) |
| 2:26 | Create | Villager (Male) |
| 2:26 | Create | Villager (Male) |
| 2:44 | Build | House |
| 2:48 | Create | Villager (Male) |
| 2:48 | Create | Villager (Male) |
| 3:02 | Create | Villager (Male) |
| 3:02 | Create | Villager (Male) |
| 3:43 | Create | Villager (Male) |
| 3:43 | Create | Villager (Male) |
| 3:43 | Create | Villager (Male) |
| 4:02 | Create | Villager (Male) |
| 4:02 | Create | Villager (Male) |
| 4:02 | Create | Villager (Male) |
| 4:29 | Build | Mill |
| 4:31 | Create | Villager (Male) |
| 4:32 | Create | Villager (Male) |
| 4:59 | Create | Villager (Male) |
| 4:59 | Create | Villager (Male) |
| 4:59 | Create | Villager (Male) |
| 5:20 | Create | Villager (Male) |
| 5:38 | Create | Villager (Male) |
| 5:39 | Research | Loom |
| 6:44 | Research | Feudal Age |
| 7:09 | Build | House |
| 7:44 | Create | Villager (Male) |
| 7:52 | Build | Barracks |
| 8:42 | Create | Villager (Male) |
| 8:54 | Age | Feudal Age |
| 8:56 | Build | Stable |
| 9:09 | Research | Double-Bit Axe |
| 9:36 | Create | Villager (Male) |
| 9:45 | Research | Horse Collar |
| 9:46 | Create | Scout Cavalry |
| 9:46 | Create | Scout Cavalry |
| 9:59 | Create | Villager (Male) |
| 10:03 | Build | Farm |
| 10:17 | Create | Villager (Male) |
| 10:26 | Create | Scout Cavalry |
| 10:28 | Build | House |
| 10:44 | Build | Farm |
| 10:48 | Build | Farm |
| 10:55 | Create | Villager (Male) |
| 11:02 | Build | Farm |
| 11:05 | Create | Villager (Male) |
| 11:09 | Build | Farm |
| 11:26 | Create | Scout Cavalry |
| 11:33 | Build | Farm |
| 11:42 | Build | House |
| 11:49 | Create | Scout Cavalry |
| 11:49 | Create | Scout Cavalry |
| 12:16 | Build | Farm |
| 12:17 | Build | Farm |
| 12:26 | Create | Villager (Male) |
| 12:34 | Build | Farm |
| 12:35 | Build | Farm |
| 12:37 | Build | Farm |
| 12:39 | Build | Farm |
| 12:43 | Create | Scout Cavalry |
| 13:11 | Build | Farm |
| 13:16 | Create | Scout Cavalry |
| 13:39 | Create | Villager (Male) |
| 13:46 | Build | Farm |
| 13:47 | Build | Farm |
| 13:48 | Create | Scout Cavalry |
| 13:55 | Create | Villager (Male) |
| 14:05 | Build | House |
| 14:11 | Build | House |
| 14:14 | Create | Scout Cavalry |
| 14:32 | Create | Villager (Male) |
| 14:45 | Create | Scout Cavalry |
Match timeline
| 7:28 | SAVIOR · first_building Barracks |
| 7:47 | lilzombieross · first_building Barracks |
| 7:52 | Daniel Lothbrok · first_building Barracks |
| 7:52 | 将军的恩情还不完 · first_building Barracks |
| 7:55 | Que Me Importa Mi Equipo · first_building Barracks |
| 8:18 | NPG | Kraxher · first_building Barracks |
| 8:32 | NPG | SICOSIS · first_building Barracks |
| 8:38 | HR Since6699 · first_building Barracks |
| 8:54 | 将军的恩情还不完 · age_up feudal |
| 8:54 | HR Since6699 · age_up feudal |
| 8:56 | 将军的恩情还不完 · first_building Stable |
| 9:00 | SAVIOR · age_up feudal |
| 9:01 | NPG | SICOSIS · wall_segment Palisade Wall x7 |
| 9:02 | Que Me Importa Mi Equipo · age_up feudal |
| 9:05 | SAVIOR · first_building Stable |
| 9:10 | Que Me Importa Mi Equipo · first_building Archery Range |
| 9:16 | Daniel Lothbrok · age_up feudal |
| 9:18 | HR Since6699 · first_building Stable |
| 9:19 | Daniel Lothbrok · first_building Archery Range |
| 9:33 | Que Me Importa Mi Equipo · wall_segment Palisade Wall x6 |
| 9:34 | NPG | SICOSIS · age_up feudal |
| 9:41 | NPG | SICOSIS · first_building Archery Range |
| 9:46 | Que Me Importa Mi Equipo · wall_segment Palisade Wall x1 |
| 9:48 | Que Me Importa Mi Equipo · wall_segment Palisade Wall x6 |
| 9:51 | lilzombieross · age_up feudal |
| 9:59 | lilzombieross · first_building Archery Range |
| 10:02 | NPG | Kraxher · age_up feudal |
| 10:04 | NPG | Kraxher · first_building Stable |
| 10:26 | SAVIOR · wall_segment Palisade Wall x1 |
| 10:29 | Que Me Importa Mi Equipo · wall_segment Palisade Wall x1 |
| 12:21 | NPG | SICOSIS · wall_segment Palisade Wall x8 |
| 14:39 | Que Me Importa Mi Equipo · wall_segment Palisade Wall x5 |
| 14:57 | 将军的恩情还不完 · resign |
[ AI ANALYSIS · 1 CREDIT ]
What really happened in this match?
Wolo.gg analyzes every decision: build order, eco, micro, common mistakes by bracket. Personalized analysis on WhatsApp or Discord in 30 seconds.
Civ guide
Bohemians
Perfil
HR Since6699